Cogmind - Beta 13 X2 @@@ ROGUE MODE // 2024.01.06 @ 02:34:21 Player: Minty Result: Destroyed by Y-54 Guardian with Gatling Laser Performance ------------- Evolutions (3) 1500 Regions Visited (6) 1200 Robots Destroyed (32) 160 Value Destroyed (942) 942 Prototype IDs (29) 580 Alien Tech Used (0) 0 Bonus (200) 200 TOTAL SCORE: 4582 Bonus ------- Aligned with FarCom 300 Friendly Fire -100 Cogmind --------- Core Integrity 0/700 Matter 271/300 Energy 100/100 System Corruption 2% Temperature Cool (6) Movement Core (50) Location -7/Factory Parts ------- > --- POWER (1) -------- (None) > --- PROPULSION (3) --- (None) > --- UTILITY (6) ------ Improved Signal Interpreter Improved Terrain Scan Processor Advanced Terrain Scan Processor Advanced Terrain Scan Processor > --- WEAPON (3) ------- Heavy Hammer > --- INVENTORY (5) ---- Improved Deuterium Engine Improved Cooling System Coolant Injector AWS/Thermal Peak State ------------ > --- POWER ------------ Light Ion Engine > --- PROPULSION ------- Gravmag System Flight Unit Cesium-ion Thruster > --- UTILITY ---------- Improved Signal Interpreter Improved Terrain Scan Processor Advanced Terrain Scan Processor Advanced Terrain Scan Processor Targeting Computer Improved Weapon Shielding > --- WEAPON ----------- AWS/Thermal Heavy Particle Cannon > --- INVENTORY -------- Light Nuclear Core Improved Cooling System Core Shielding Remote Datajack [Rating: 47] Favorites ----------- Power Light Ion Engine Engine Light Ion Engine Power Core Light Nuclear Core Propulsion Flight Unit Leg Aluminum Leg Hover Unit Cooled Airjet Flight Unit Flight Unit Utility Advanced Terrain Scan Processor Storage Small Storage Unit Processor Advanced Terrain Scan Processor Hackware System Shield Protection Core Shielding Weapon AWS/Thermal Energy Gun AWS/Thermal Energy Cannon Heavy Particle Cannon Ballistic Gun Precision Assault Rifle Ballistic Cannon Mini Assault Cannon Impact Weapon Heavy Hammer Build | -11 -10 -10 -10 -9 -8 -7 ------- Run | Yrd Mat Min Exi Min Mat Fac Slots Evolved 6 | . . . . . 4 2 Power . | . . . . . . . Propulsion 1 | . . . . . 1 . Utility 4 | . . . . . 2 2 Weapon 1 | . . . . . 1 . Parts Attached 39 | . 4 4 3 . 8 20 Power 5 | . 1 1 . . 1 2 Engine 3 | . 1 . . . 1 1 Core 2 | . . 1 . . . 1 Reactor . | . . . . . . . Propulsion 9 | . 2 2 . . 2 3 Treads . | . . . . . . . Leg . | . . . . . . . Wheel . | . . . . . . . Hover 3 | . . . . . . 3 Flight 6 | . 2 2 . . 2 . Utility 9 | . 1 . . . 4 4 Device . | . . . . . . . Storage . | . . . . . . . Processor 5 | . . . . . 3 2 Hackware 1 | . . . . . . 1 Protection 3 | . 1 . . . 1 1 Artifact . | . . . . . . . Weapon 16 | . . 1 3 . 1 11 Energy Gun 5 | . . . 2 . . 3 Energy Cannon 4 | . . . . . 1 3 Ballistic Gun 4 | . . 1 1 . . 2 Ballistic Cannon 2 | . . . . . . 2 Launcher . | . . . . . . . Special Weapon . | . . . . . . . Impact Weapon 1 | . . . . . . 1 Slashing Weapon . | . . . . . . . Piercing Weapon . | . . . . . . . Special Melee Weapon . | . . . . . . . Unidentified Prototypes 4 | . . . . . . 4 Parts Lost 15 | . 1 4 . . . 10 Power 1 | . 1 . . . . . Propulsion 8 | . . 2 . . . 6 Utility 2 | . . . . . . 2 Weapon 4 | . . 2 . . . 2 Highest Loss Streak 5 | . 1 3 . . . 5 To Critical Strikes . | . . . . . . . Average Slot Usage (%) 53 | . 88 51 23 28 41 61 Engine 4 | . 14 5 . . 3 3 Leg 1 | . 22 . . . . . Hover 1 | . . . . . . 3 Flight 11 | . 3 26 14 14 17 6 Processor 16 | . . . . . 8 32 Protection 3 | . 8 . . . 2 5 Energy Gun 8 | . 25 4 9 14 9 5 Ballistic Gun 1 | . . 7 . . . 1 Naked Turns . | . . . . . . . Heaviest Build 18 | 11 12 7 8 8 13 18 Greatest Support 20 | 20 20 8 4 4 13 13 Greatest Overweight (x) 3 | . . . 1 1 1 3 Average Overweight (x) . | . . . . 1 . . Largest Inventory Capacity 8 | . 8 5 5 5 5 5 Average Capacity 5 | . 7 5 5 5 5 5 Most Carried 6 | . 6 5 5 5 5 5 Average Carried 4 | . 3 4 5 5 4 4 Final Capacity 8 | 8 5 5 5 5 5 5 Final Carried 6 | 6 4 5 5 5 5 5 Class Distribution -------------------- 94% | Mutant 5% | Sprinter Dominant Class ---------------- Mutant | -10/Materials Mutant | -10/Mines Mutant | -10/Exiles Mutant | -9/Mines Mutant | -8/Materials Mutant | -7/Factory Resources | -11 -10 -10 -10 -9 -8 -7 ----------- Run | Yrd Mat Min Exi Min Mat Fac Matter Collected 620 | 200 20 82 . . 104 214 Remotely . | . . . . . . . Salvage Created 1180 | . 54 228 . 44 243 611 Parts 57 | . 3 17 . 2 11 24 Haulers Intercepted 2 | . . . . . . 2 Recyclers Shooed 1 | . . 1 . . . . Parts Field Recycled . | . . . . . . . Retrieved Matter . | . . . . . . . Parts Self-Destructed . | . . . . . . . Prevented . | . . . . . . . Kills | -11 -10 -10 -10 -9 -8 -7 ------- Run | Yrd Mat Min Exi Min Mat Fac Combat Hostiles Destroyed 26 | . 3 7 . 1 7 8 Melee 1 | . . . . . . 1 Guns 23 | . 3 7 . 1 7 5 Cannons 2 | . . . . . . 2 Classes Destroyed 8 | . 1 1 . . 3 3 Hauler 2 | . . . . . . 2 Operator 1 | . . . . . 1 . Watcher 2 | . . . . . . 2 Swarmer 9 | . 3 3 . . 3 . Grunt 15 | . . 4 . 1 2 8 Sentry 1 | . . . . . 1 . Hunter 1 | . . . . . 1 . Programmer 1 | . . . . . . 1 Best Kill Streak 4 | . 2 3 . 1 4 3 Combat Bots Only 4 | . 2 3 . 1 4 3 Max Kills in Single Turn 1 | . 1 1 . 1 1 1 Gunslinging . | . . . . . . . Exploded . | . . . . . . . Melee 1 | . . . . . . 1 Uniques/NPCs Destroyed . | . . . . . . . Combat | -11 -10 -10 -10 -9 -8 -7 -------- Run | Yrd Mat Min Exi Min Mat Fac Hostile Shots Fired 269 | . 43 61 . . 22 143 Missed 94 | . 14 24 . . 11 45 Damage Taken 2371 | . 251 374 . . 163 1583 Core 932 | . 14 168 . . 50 700 Absorbed by Shields . | . . . . . . . Redirected to Shielding 94 | . 3 . . . 14 77 Core Remaining (%) 72 | 100 . . . 27 90 . Volleys Fired 67 | . 12 24 . . . 31 Largest 2 | . 2 2 . . . 2 Hottest 98 | . 90 60 . . . 98 Shots Fired 178 | . 23 32 . 2 42 79 Gun 168 | . 23 32 . 2 42 69 Cannon 10 | . . . . . . 10 Launcher . | . . . . . . . Special . | . . . . . . . Kinetic 39 | . . 22 . . . 17 Thermal 139 | . 23 10 . 2 42 62 Explosive . | . . . . . . . Electromagnetic . | . . . . . . . Robot Hit Streak 20 | . 2 9 . 1 20 11 Robot Miss Streak 5 | . 5 5 . 1 1 2 Penetration Max . | . . . . . . . Secondary Targets . | . . . . . . . Autonomous 79 | . . . . 2 42 35 Shots Hit Robots 133 | . 8 20 . 1 37 67 Core Hits 50 | . 3 11 . 1 12 23 Critical Kills 2 | . . 1 . . . 1 Critical Parts Destroyed 1 | . . . . . . 1 Critical Strikes 6 | . 1 1 . . . 4 Burn 3 | . 1 . . . . 2 Destroy 1 | . . 1 . . . . Smash 2 | . . . . . . 2 Melee Attacks 4 | . . . . . . 4 Impact 4 | . . . . . . 4 Slashing . | . . . . . . . Piercing . | . . . . . . . Sneak Attacks . | . . . . . . . Combat Hostiles . | . . . . . . . Follow-up Attacks . | . . . . . . . Damage Inflicted 3164 | . 118 298 . 29 1068 1651 Guns 2830 | . 118 295 . 29 1068 1320 Cannons 200 | . . . . . . 200 Explosions . | . . . . . . . Melee 131 | . . . . . . 131 Ramming 3 | . . 3 . . . . Kinetic 524 | . . 219 . . . 305 Thermal 2506 | . 118 76 . 29 1068 1215 Explosive . | . . . . . . . Electromagnetic . | . . . . . . . Impact 131 | . . . . . . 131 Slashing . | . . . . . . . Piercing . | . . . . . . . Highest Corruption 2 | . . . . . . 2 Average Corruption 1 | . . . . . . 1 Corruption Purged . | . . . . . . . Corruption Blocked . | . . . . . . . Overload Shots . | . . . . . . . Overflow Damage 22 | . . . . . . 22 Projectiles . | . . . . . . . Explosions . | . . . . . . . Melee 22 | . . . . . . 22 Knockbacks . | . . . . . . . Impact . | . . . . . . . Kinetic . | . . . . . . . Secondary . | . . . . . . . Self-Inflicted Damage 1 | . . 1 . . . . Shots . | . . . . . . . Rammed 2 | . . 2 . . . . Targets Rammed 2 | . . 2 . . . . Kicked . | . . . . . . . Crushed . | . . . . . . . Highest Temperature 274 | . 274 105 . . 4 136 Average Temperature 67 | . 126 42 . . 4 45 Received Heat Transfer 774 | . 18 126 . . 63 567 Siege Activations . | . . . . . . . Robots Corrupted . | . . . . . . . Combat Hostiles . | . . . . . . . Parts Fried . | . . . . . . . Impact Corruptions 1 | . . . . . . 1 Robots Melted . | . . . . . . . Combat Hostiles . | . . . . . . . Parts Melted 2 | . . . . . 1 1 Heat Transferred 3790 | . 396 175 . 37 1332 1850 Parts Sabotaged . | . . . . . . . Parts Stolen . | . . . . . . . Parts Stripped . | . . . . . . . Power Chain Reactions . | . . . . . . . Missiles Intercepted . | . . . . . . . Alert | -11 -10 -10 -10 -9 -8 -7 ------- Run | Yrd Mat Min Exi Min Mat Fac Peak Influence 292 | . 85 213 . 20 292 251 Initial 132 | . . 28 . . 7 132 Average 122 | . 30 138 . 1 118 145 Maximum Alert Level 1 | . . 1 . . 1 1 Low Security (%) 70 | . 100 80 . 100 72 59 Level 1 29 | . . 19 . . 27 40 Level 2 . | . . . . . . . Level 3 . | . . . . . . . Level 4 . | . . . . . . . Level 5 . | . . . . . . . High Security . | . . . . . . . Max Security . | . . . . . . . Squads Dispatched 8 | . 1 . . . 3 4 Investigation 6 | . . . . . 3 3 Extermination 1 | . . . . . . 1 Reinforcement 1 | . 1 . . . . . Assault . | . . . . . . . Garrison . | . . . . . . . Intercept . | . . . . . . . Searches Triggered . | . . . . . . . Construction Impeded . | . . . . . . . Haulers Reinforced . | . . . . . . . Active Scanning Responses . | . . . . . . . Cargo Convoy Interrupts . | . . . . . . . Stealth | -11 -10 -10 -10 -9 -8 -7 --------- Run | Yrd Mat Min Exi Min Mat Fac Distress Signals 2 | . . . . . 2 . Communications Jammed . | . . . . . . . Distress Signals . | . . . . . . . Times Spotted 62 | . 8 13 . 1 17 23 Peak Tracking Total 6 | . 5 5 . 1 6 4 Tactical Retreats 8 | . . 1 . . 2 5 Traps | -11 -10 -10 -10 -9 -8 -7 ------- Run | Yrd Mat Min Exi Min Mat Fac Traps Triggered 2 | . . . . . 1 1 Indirectly . | . . . . . . . Trap Hack Attempts . | . . . . . . . Triggered . | . . . . . . . Disarmed . | . . . . . . . Reprogrammed . | . . . . . . . Reused . | . . . . . . . Traps Extracted . | . . . . . . . Installed . | . . . . . . . Triggered . | . . . . . . . Machines | -11 -10 -10 -10 -9 -8 -7 ---------- Run | Yrd Mat Min Exi Min Mat Fac Machines Disabled . | . . . . . . . Max in Single Turn . | . . . . . . . Machines Repaired . | . . . . . . . Machines Dismantled . | . . . . . . . Machines Sabotaged . | . . . . . . . Overloaded Fab Kills . | . . . . . . . Hacking | -11 -10 -10 -10 -9 -8 -7 --------- Run | Yrd Mat Min Exi Min Mat Fac Machines Accessed 8 | . . . 1 . 3 4 Terminals 4 | . . . . . 3 1 Fabricators 3 | . . . . . . 3 Repair Stations . | . . . . . . . Recycling Units . | . . . . . . . Scanalyzers . | . . . . . . . Garrison Access . | . . . . . . . Total Hacks 20 | . . . 1 . 9 10 Successful 6 | . . . 1 . 2 3 Failed 14 | . . . . . 7 7 Catastrophic 2 | . . . . . . 2 Database Lockouts . | . . . . . . . Manual 10 | . . . 1 . 6 3 Terminals 12 | . . . . . 9 3 Fabricators 7 | . . . . . . 7 Repair Stations . | . . . . . . . Recycling Units . | . . . . . . . Scanalyzers . | . . . . . . . Garrison Access . | . . . . . . . Terminal Hacks 3 | . . . 1 . 1 1 Prototype ID Bank 1 | . . . . . 1 . Unreport Threat 1 | . . . . . . 1 Derelict Proto ID Bank 1 | . . . 1 . . . Fabricator Hacks 2 | . . . . . . 2 Network Status 1 | . . . . . . 1 Build 1 | . . . . . . 1 Repair Station Hacks . | . . . . . . . Recycling Unit Hacks . | . . . . . . . Scanalyzer . | . . . . . . . Garrison Access Hacks . | . . . . . . . Unauthorized Hacks 1 | . . . . . 1 . Terminals 1 | . . . . . 1 . Search 1 | . . . . . 1 . Fabricators . | . . . . . . . Repair Stations . | . . . . . . . Recycling Units . | . . . . . . . Scanalyzers . | . . . . . . . Garrison Access . | . . . . . . . Data Cores Recovered 1 | . . . . . 1 . Used . | . . . . . . . Hacking Detections 5 | . . . . . 2 3 Full Trace Events 5 | . . . . . 2 3 Feedback Events . | . . . . . . . Feedback Blocked . | . . . . . . . Robot Schematics Acquired . | . . . . . . . Robots Built . | . . . . . . . Authchips . | . . . . . . . Time . | . . . . . . . Total Robot Build Rating . | . . . . . . . Part Schematics Acquired . | . . . . . . . Parts Built 1 | . . . . . . 1 Authchips . | . . . . . . . Time 95 | . . . . . . 95 Total Part Build Rating 5 | . . . . . . 5 Parts Repaired . | . . . . . . . Time . | . . . . . . . Parts Recycled . | . . . . . . . Recycled Matter . | . . . . . . . Retrieved Matter . | . . . . . . . Retrieved Components . | . . . . . . . Parts Scanalyzed . | . . . . . . . Part Schematics Acquired . | . . . . . . . Parts Damaged . | . . . . . . . Bothacking | -11 -10 -10 -10 -9 -8 -7 ------------ Run | Yrd Mat Min Exi Min Mat Fac Used RIF Installer . | . . . . . . . Robots Hacked . | . . . . . . . Non-combat . | . . . . . . . Combat . | . . . . . . . Robot Hacks Applied . | . . . . . . . Relay Couplers Released . | . . . . . . . Fabnet Peak Effective % . | . . . . . . . Robots Rewired 1 | . . . . . . 1 Allies Hacked . | . . . . . . . Hacks Repelled . | . . . . . . . Allies | -11 -10 -10 -10 -9 -8 -7 -------- Run | Yrd Mat Min Exi Min Mat Fac Total Allies 1 | . . . . . . 1 Largest Group 1 | . . . . . . 1 Highest-Rated Group 16 | . . . . . . 16 Highest-Rated Ally 16 | . . . . . . 16 Total Orders . | . . . . . . . Ally Attacks . | . . . . . . . Total Damage . | . . . . . . . Kills . | . . . . . . . Allies Corrupted . | . . . . . . . Allies Melted . | . . . . . . . Intel | -11 -10 -10 -10 -9 -8 -7 ------- Run | Yrd Mat Min Exi Min Mat Fac Robot Analysis Total . | . . . . . . . Derelict Logs Recovered 1 | . . 1 . . . . Drone Launches . | . . . . . . . Drone Recoveries . | . . . . . . . Exploration | -11 -10 -10 -10 -9 -8 -7 ------------- Run | Yrd Mat Min Exi Min Mat Fac Turns Passed 1298 | . 112 152 170 48 193 623 Spaces Moved 1546 | 1 75 226 218 39 263 724 Core 181 | . . . . . . 181 Treads . | . . . . . . . Legs 46 | 1 45 . . . . . Wheels . | . . . . . . . Hover 254 | . . . . . . 254 Flight 1065 | . 30 226 218 39 263 289 Fastest Speed 32 | 120 37 37 40 120 32 32 Average Speed 64 | 120 87 37 75 120 60 66 Slowest Speed 200 | 120 120 40 120 120 120 200 Overloaded Moves 28 | . . . . . . 28 Propulsion Burnouts . | . . . . . . . Robots Hopped 26 | . . 12 . . 5 9 Cave-ins Triggered . | . . . . . . . Exploration Rate (%) 32 | 2 26 60 62 19 30 28 Regions Visited 6 Branch Regions 3 Pre-discovered Areas . | . . . . . . . Known Exits Taken 1 | . . . . . 1 . Unknown Exits Taken 5 | 1 1 1 1 1 . . Scrap Searched 1 | . . 1 . . . . Spaces Dug . | . . . . . . . Terrain Destroyed 10 | . . . . 1 5 4 Melee . | . . . . . . . Projectile 10 | . . . . 1 5 4 AOE . | . . . . . . . Terrain Rammed . | . . . . . . . Walls Destroyed . | . . . . . . . Machines Disabled . | . . . . . . . Actions | -11 -10 -10 -10 -9 -8 -7 --------- Run | Yrd Mat Min Exi Min Mat Fac Total 1707 | . 100 248 222 40 288 809 Wait 39 | . 1 . . 2 22 14 Move 1491 | . 74 201 217 38 252 709 Hop 23 | . . 12 . . 5 6 Pick Up 6 | . . 2 . . . 4 Fast Attach 26 | . 3 . 3 . 7 13 Attach 10 | . 1 2 . . 1 6 Detach 13 | . 3 1 . . 1 8 Swap 3 | . . 2 . . . 1 Drop 21 | . 6 2 2 . . 11 Fire 67 | . 12 24 . . . 31 Melee 4 | . . . . . . 4 Ram 2 | . . 2 . . . . Kick . | . . . . . . . Crush . | . . . . . . . Escape Stasis . | . . . . . . . Rewire 2 | . . . . . . 2 Trap . | . . . . . . . Miscellaneous . | . . . . . . . Route ------- -11/Scrapyard -10/Materials -10/Mines (discovered 3 exits: [*Mat x2] / *Exi) -10/Exiles (discovered 2 exits: [*Min x2]) -9/Mines -8/Materials -7/Factory (discovered 1 exit: [*Fac]) History --------- Turn | Location | Event 1 | -11/Scrapyard | Discovered new exit (range 0) 1 | -11/Scrapyard | Entered Materials 106 | -10/Materials | Discovered new exit (range 8) 113 | -10/Materials | Entered Mines 142 | -10/Mines | Discovered new exit (range 13) 164 | -10/Mines | Core integrity fell below 50% 236 | -10/Mines | Learned Materials non-interactive machine intel 241 | -10/Mines | Discovered new exit (range 5) 256 | -10/Mines | Assembled infested the area 263 | -10/Mines | Deemed a non-threat by the Exiles lab entrance 263 | -10/Mines | Discovered new exit (range 5) 265 | -10/Mines | Entered Exiles 272 | -10/Exiles | Discovered new exit (range 15) 274 | -10/Exiles | Lost 3 parts (2n1w) 276 | -10/Exiles | Met 8R-AWN 282 | -10/Exiles | Met EX-HEX 293 | -10/Exiles | Met EX-BIN 298 | -10/Exiles | Aligned with FarCom system 298 | -10/Exiles | Given EX-Vault access code 304 | -10/Exiles | Build established: Mutant 308 | -10/Exiles | Opened EX-Vault 312 | -10/Exiles | Found AWS/Thermal 315 | -10/Exiles | Found AWS/Gauss 346 | -10/Exiles | Warned to stay clear of 0b10 Research branches 379 | -10/Exiles | Met EX-DEC 423 | -10/Exiles | Discovered new exit (range 10) 435 | -10/Exiles | Left Exiles lab with AWS/Thermal 435 | -10/Exiles | Entered Mines 473 | -9/Mines | Discovered new exit (range 7) 483 | -9/Mines | Entered Materials 483 | -8/Materials | Evolved 4 slots: Propulsion x1, Utility x2, Weapon x1 484 | -8/Materials | Loaded intel: 42 non-interactive machine locations 579 | -8/Materials | Discovered new exit (range 16) 674 | -8/Materials | Identified exit to Factory 676 | -8/Materials | Entered Factory 676 | -7/Factory | Evolved 2 slots: Utility x2 821 | -7/Factory | Fabricated Enh. Optical Array? 1200 | -7/Factory | Core integrity fell below 50% 1232 | -7/Factory | Lost 5 parts (1n2u2w) 1273 | -7/Factory | Discovered new exit (range 13) 1274 | -7/Factory | Core integrity fell below 20% 1299 | -7/Factory | Destroyed by Y-54 Guardian with Gatling Laser Last Messages --------------- 01176_ ALERT: Rogue bot located, Programmers report to Factory Zone 9B. 01176_ Dropped Mni. Assault Cannon. 01179_ Acquired 57 matter. 01186_ Acquired System Shield. 01187_ Cld. Airjet destroyed. 01190_ Prc. Assault Rifle destroyed. 01197_ Core Shielding destroyed. 01201_ Hpw. Field Laser destroyed. 01201_ System Shield severed. 01243_ Acquired Gravmag System. 01252_ Gravmag System destroyed. 01262_ Dropped Deuterium Engine. 01262_ Acquired Imp. Deuterium Engine. 01273_ EXIT=FOUND 01278_ Acquired Hvy. Hammer. 01283_ P-60 Hacker suffers critical hit (Smash). 01283_ P-60 Hacker destroyed. 01296_ Y-54 Guardian suffers critical hit (Smash). 01296_ Destroyed Imp. Heat Sink. 01296_ Y-54 Guardian system corrupted by crushing effect. Map ----- +----------------------------------------------------+ | ?????????# | | ?????????# | | ?????????# """ """ """ """ T | | ?????????# """ """ """^""" | | ?????????# """ """ """ """ | | ?????????# | | ?????????# """ """ """ """ | | ?????????# """ """ """ """ | | ?????????# """ """ """ """ | | ?????????# | | ?????????# * | | ?????????# ##### | | ?????????############# #?? | | ???????????????? # # | | ?????????????????"" !# + | | ????????????????? # # [ | | ??????????????????" # #?? | | ?????????????????? # #???? | | ###################+## #???? | | # # #???? | | # # #???? | | # # #???? | | # # ########+####+##???? | | # [#! #??????????????????? | | # =%Y| #??????????????????? | | # @# +?????????????????? | | # # ##?????????????????? | | # # #??????????????????? | | # # #??????????????????? | | # = # #??????????????????? | | # # #??????????????????? | | ####### #??????????????????? | | ?????? ??????????????????? | | ?????? ??????????????????? | | ?????? < ??????????????????? | | ?????? ! #?????????????????? | | ?????# #?????????????????? | | ??????######?????????????????? | | ?????????????????????????????? | | ?????????????????????????????? | | ?????????????????????????????? | | ?????????????????????????????? | | ?????????????????????????????? | | ?????????????????????????????? | | ?????????????????????????????? | | ?????????????????????????????? | | ?????????????????????????????? | | ?????????????????????????????? | | ?????????????????????????????? | | ?????????????????????????????? | +----------------------------------------------------+ Best States ------------- Heat Dissipation 34 Energy Generation 14 Energy Capacity 275 Matter Stores 300 Matter Capacity 300 Sight Range 16 Terrain Scan Density 510 Core Shielding 20 Weapon Shielding 66 Evasion (%) 63 Targeting Accuracy 5 Defensive Hacking 10 Item Schematics ----------------- None Robot Schematics ------------------ None Fabricated ------------ Enh. Optical Array | x1 | -7/Factory | Preloaded Alien Tech Used ----------------- None Achievements -------------- None Challenges ------------ None Game ------ Seed ConcussiveXenonEngine Manual? 0 Play Time 00:17:19 Cumulative 573.5 hours Start 2024.01.06 @ 02:22:54 End 2024.01.06 @ 02:34:21 Sessions 1 Manual Loads 0 Difficulty Rogue Special Mode None Game No. 474 Rogue 201 Adventurer 123 Explorer 150 Win Type - Total 25 Types 19/0/4/1/0/0/0/1/0 Lore% 77 Gallery% 90 Achievement% 75 Wizard Run 0 Options --------- ASCII 0 Keyboard 1 Movement Numpad Keybinds 0 Fullscreen 2 Font 18/X11Bold Map View 76x50 Zoom Use 1% Tactical HUD 1 Map Filters NONE Filters NONE Steam 1 RUN: 4cab5fff-b79b-46fa-9bd3-daf10d26823a